 Dungeon Crawl Stone Soup version 0.28.0-53-g5a82cb258f (webtiles) character file.

Game seed: 6020425746493269732

1559 Sin92 the Magician (level 8, -2/58 HPs)
             Began as a Demonspawn Hedge Wizard on July 9, 2022.
             Slain by a troll (9 damage)
             ... on level 5 of the Dungeon.
             The game lasted 00:15:44 (4969 turns).

Sin92 the Magician (Demonspawn Hedge Wizard)        Turns: 4969, Time: 00:15:44

Health: -2/58      AC:  2    Str: 12    XL:     8   Next: 58%
Magic:  22/22      EV: 13    Int: 15    God:
Gold:   326        SH:  0    Dex: 14    Spells: 13/15 levels left

rFire   . . .      SeeInvis .   h - +1 dagger (venom)
rCold   . . .      Faith    .   (no shield)
rNeg    . . .      Spirit   .   b - +0 robe
rPois   .          Reflect  .   c - +0 hat
rElec   .          Harm     .   (no cloak)
rCorr   .          Rampage  .   (no gloves)
Will    .....                   (no boots)
Stlth   +++.......              d - amulet of regeneration
HPRegen 1.79/turn               l - ring of magical power
MPRegen 0.36/turn               (no ring)

@: no status effects
A: antennae 1, claws 1, hooves 1, magic regeneration, demonic magic 1, low MP 1,
regeneration 1, MP-powered wands
a: no special abilities


You were on level 5 of the Dungeon.
You visited 1 branch of the dungeon, and saw 5 of its levels.

You collected 326 gold pieces.

Inventory:

Hand Weapons
 h - a +1 dagger of venom (weapon)
Armour
 b - a +0 robe (worn)
 c - a +0 hat (worn)
Jewellery
 d - an amulet of regeneration (around neck)
 l - a ring of magical power (left claw)
Wands
 e - a wand of mindburst (18)
 i - a wand of polymorph (5)
 j - a wand of flame (14)
Scrolls
 f - a scroll of identify
 k - a scroll of silence
 n - a scroll of teleportation
Potions
 a - a potion of curing
 g - a potion of mutation
 m - a potion of berserk rage {unknown}


   Skills:
 + Level 3.4 Fighting
 + Level 3.0 Short Blades
 + Level 2.9 Armour
 + Level 3.6 Dodging
 + Level 3.9 Stealth
 + Level 4.3 Spellcasting
 + Level 3.5 Conjurations
 + Level 3.5 Summonings
 + Level 3.2 Translocations


You had 13 spell levels left.
You knew the following spells:

 Your Spells              Type           Power      Damage    Failure   Level
a - Magic Dart            Conj           52%        1d5       4%          1
b - Slow                  Hex            12%        N/A       17%         1

Your spell library contained the following spells:

 Spells                   Type           Power      Damage    Failure   Level
 Call Imp                 Summ           14%        N/A       6%          2
 Blink                    Tloc           26%        N/A       7%          2
 Conjure Flame            Conj/Fire      8%         6-21      26%         3
 Mephitic Cloud           Conj/Pois/Air  6%         N/A       32%         3
 Cause Fear               Hex            1%         N/A       86%         4
 Dragon Form              Tmut           1%         N/A       100%        7
 Dragon's Call            Summ           7%         N/A       100%        9


Dungeon Overview and Level Annotations

Branches:
Dungeon (5/15)
 Temple: D:4-7

Altars:
Vehumet
The Shining One

Shops:
D:5 *

Annotations:
D:3 3 runed translucent doors, GraeshgroMalekh's ghost, amateur MfGl


Innate Abilities, Weirdness & Mutations

You have a pair of small antennae on your head.
You have sharp fingernails.
You have large cloven feet.
You regenerate magic rapidly.
Spells you cast may paralyse adjacent enemies.
Your magical capacity is low. (-10% MP)
Your natural rate of healing is unusually fast.
You expend magic power (3 MP) to strengthen your wands.


Message History

You hit the sky beast but do no damage.
The sky beast looks as sick as possible!
You kick the sky beast.
You kill the sky beast!
Your Short Blades skill increases to level 3!
No target in view!
o - a scroll labelled UPRODU FYLOCH A troll comes into view.
The troll seems to slow down.
Malevolent energies surge around you.
As you read the scroll labelled UPRODU FYLOCH, it crumbles to dust.
It is a scroll of amnesia.
Really abort (and waste the scroll)?
Okay, then.
Okay, then.
Okay, then.
The troll is no longer moving slowly.
The troll completely misses you. The troll closely misses you.
The troll claws you!
You hit the troll.
The troll is poisoned.
You kick the troll, but do no damage.
The troll is lightly wounded.
The troll bites you! The troll claws you! The troll completely misses you.
You hit the troll but do no damage.
The troll looks as sick as possible!
The troll is lightly wounded.
The troll bites you but does no damage. The troll claws you.
The troll claws you!
You hit the troll.
The troll looks as sick as possible!
The troll is moderately wounded.
The troll misses you. The troll completely misses you. The troll misses you.
You closely miss the troll.
The troll is moderately wounded.
You closely miss the troll.
The troll is moderately wounded.
The sentinel's mark upon you fades away.
The troll bites you. The troll claws you. x2
You hit the troll but do no damage.
The troll looks as sick as possible!
Your kick misses the troll.
The troll is heavily wounded.
The troll bites you!
* * * LOW HITPOINT WARNING * * *
The troll claws you!
You die...

.# #.# #.......# .###
#.# #..####.# ...# #.#
########...###.###
.#.# #.#
..................
.#.# #.#
###.###.....##.###
.#.###.# #.#
#.....##.#.. .......#
##.# #.###........#.#
##.#####
#..####.....#.######..
#.# #...T@.......+#
#.. #.#
#.##########...## #..
##.# #.# #....## #..
.#.# ####.#
#.....###..
...######....#
#......##.#
..........∩..#
#......'...
...######.##.#
#......#### .....
#.##.# #.....## #
##.### #....# #
#....##


You could see a troll (extremely poisoned).

Vanquished Creatures
  Pikel (D:4)
  2 sky beasts (D:5)
  An ice beast (D:5)
  2 ogres (D:4)
  A lemure (D:4)
  2 scorpions
  2 hounds (D:5)
  A jelly (D:5)
  A centaur skeleton (D:3)
  An orc priest (D:5)
  A bullfrog skeleton (D:5)
  An orc wizard (D:5)
  Jessica (D:3)
  Natasha (thrice) (D:3)
  Terence (D:2)
  2 iguanas (D:5)
  A hound skeleton (D:4)
  3 adders
  4 gnolls (D:5)
  2 ufetubi
  2 dart slugs
  3 orcs (D:5)
  5 ball pythons
  11 endoplasms
  2 giant cockroaches (D:2)
  4 goblins
  10 hobgoblins
  3 jackals (D:2)
  2 quokkas
  4 bats
  4 frilled lizards
  9 kobolds
  6 rats
98 creatures vanquished.

Vanquished Creatures (collateral kills)
  An adder (D:5)
1 creature vanquished.

Grand Total: 99 creatures vanquished

Notes
Turn   | Place    | Note
-------+----------+-------------------------------------------
     0 | D:1      | Sin92 the Demonspawn Hedge Wizard began the quest for the
                  | Orb.
     0 | D:1      | Reached XP level 1. HP: 13/13 MP: 4/4
   142 | D:1      | Reached skill level 1 in Translocations
   230 | D:1      | Discovered your monstrous ancestry.
   230 | D:1      | Gained mutation: You have a pair of small antennae on your
                  | head. [demonic ancestry]
   230 | D:1      | Reached XP level 2. HP: 19/19 MP: 3/6
  1211 | D:2      | Reached XP level 3. HP: 25/25 MP: 1/7
  1935 | D:2      | Noticed Terence
  1958 | D:2      | Killed Terence
  1959 | D:2      | Reached skill level 1 in Fighting
  1959 | D:2      | Reached skill level 1 in Short Blades
  1959 | D:2      | Gained mutation: You have large cloven feet. [demonic
                  | ancestry]
  1959 | D:2      | Reached XP level 4. HP: 19/32 MP: 3/8
  2442 | D:3      | Reached skill level 1 in Armour
  2548 | D:3      | Noticed Natasha
  2555 | D:3      | Gained mutation: Your magical capacity is low. (-10% MP)
                  | [potion of mutation]
  2555 | D:3      | Gained mutation: Your natural rate of healing is unusually
                  | fast. [potion of mutation]
  2555 | D:3      | Gained mutation: You expend magic power (3 MP) to
                  | strengthen your wands. [potion of mutation]
  2561 | D:3      | Killed Natasha
  2562 | D:3      | Gained mutation: You regenerate magic rapidly. [demonic
                  | ancestry]
  2562 | D:3      | Reached XP level 5. HP: 28/37 MP: 4/8
  2620 | D:3      | Noticed Jessica
  2626 | D:3      | Killed Jessica
  2638 | D:3      | Noticed Natasha
  2649 | D:3      | Killed Natasha
  2764 | D:3      | Noticed Natasha
  2782 | D:3      | Killed Natasha
  3150 | D:3      | Found a runed translucent gate.
  3151 | D:3      | Found a runed translucent gate.
  3151 | D:3      | Found a runed translucent gate.
  3155 | D:3      | Noticed GraeshgroMalekh's ghost (amateur MfGl)
  3377 | D:4      | Noticed an ogre
  3380 | D:4      | Learned a level 1 spell: Slow
  3380 | D:4      | Noticed an ogre
  3384 | D:4      | Killed an ogre
  3385 | D:4      | Reached XP level 6. HP: 44/44 MP: 10/10
  3514 | D:4      | Found a radiant altar of Vehumet.
  3546 | D:4      | Noticed Pikel
  3567 | D:4      | HP: 2/44 [Pikel/+0 whip of flaming (6)]
  3583 | D:4      | Killed Pikel
  3584 | D:4      | Gained mutation: You have sharp fingernails. [demonic
                  | ancestry]
  3584 | D:4      | Reached XP level 7. HP: 26/51 MP: 11/11
  3747 | D:4      | Reached skill level 4 in Spellcasting
  4070 | D:5      | Entered Level 5 of the Dungeon
  4135 | D:5      | Gained mutation: Spells you cast may paralyse adjacent
                  | enemies. [demonic ancestry]
  4135 | D:5      | Reached XP level 8. HP: 46/57 MP: 12/12
  4468 | D:5      | Found Itou's General Store.
  4959 | D:5      | Noticed a troll
  4969 | D:5      | Slain by a troll

Illustrated notes

Levels and vault maps discovered:
D:1:      minmay_arrival_shattered_statue, layout_basic
D:2:      layout_basic, uniq_terence
D:3:      layout_basic, gammafunk_ghost_necromancy, uniq_natasha, uniq_jessica
D:4:      layout_basic, vehumet_crystals, serial_curves, eino_curves_03,
          eino_curves_01, minmay_misc_feat_four_crosses, uniq_pikel
D:5:      layout_loops_corners, amcnicky_altar_gilded, serial_shops, shop,
          minivault_5, st_stairs_10

Skill      XL: |  1  2  3  4  5  6  7  8 |
---------------+-------------------------+-----
Translocations | 1 2 3 |  3.2
Stealth        | 2 3 |  3.9
Dodging        | 2 3 |  3.6
Fighting       | 1 2 3 |  3.4
Short Blades   | 1 2 3 |  3.0
Armour         | 1 2 |  2.9
Summonings     | 2 3 |  3.5
Conjurations   | 2 3 |  3.5
Spellcasting   | 4 |  4.3

Action                   |  1- 3 |  4- 6 |  7- 9 || total
-------------------------+-------+-------+-------++-------
Melee: Dagger            |    80 |    93 |   132 ||   305
       Punch             |     1 |     1 |     3 ||     5
       Kick              |       |    23 |    48 ||    71
 Cast: Magic Dart        |    66 |    37 |       ||   103
       Slow              |       |     4 |    10 ||    14
  Use: Scroll            |     1 |     6 |     3 ||    10
       Potion            |       |     9 |       ||     9
 Stab: Sleeping          |     1 |       |     1 ||     2
       Invisible         |       |     1 |       ||     1
       Paralysed         |       |       |     2 ||     2
Armor: Robe              |    21 |     9 |    14 ||    44
       Skin              |       |    36 |       ||    36
Dodge: Dodged            |    71 |    57 |    89 ||   217
